 Dungeon Crawl Stone Soup version 0.31.0-32-g396128a36d (webtiles) character file.

Game seed: 18285754241634277087

151923 Peloso the Hoplite (level 17, -1/160 HPs)
             Began as a Minotaur Fighter on Apr 4, 2024.
             Was the Champion of Okawaru.
             Succumbed to a +2 mace of venom's poison
             ... on level 1 of the Elven Halls.
             The game lasted 01:26:51 (34651 turns).

Peloso the Hoplite (Minotaur Fighter)              Turns: 34651, Time: 01:26:52

Health: -1/160     AC: 24    Str: 27    XL:     17   Next: 1%
Magic:  18/18      EV: 14    Int:  5    God:    Okawaru [******]
Gold:   2958       SH: 23    Dex: 21    Spells: 16/16 levels left

rFire   . . .        a - +4 double sword (vamp)
rCold   . . .        d - +1 kite shield {reflect}
rNeg    . . .        r - quicksilver dragon scales
rPois   +            D - +2 hood of the Assassin {Detect Stab+ Stlth++}
rElec   .            (no cloak)
rCorr   .            i - +2 pair of gloves {Str+3}
SInv    .            u - +1 pair of boots
Will    ++...        f - amulet of reflection
Stlth   ++++         y - +6 ring of dexterity
HPRegen 0.46/turn    v - ring of poison resistance
MPRegen 0.16/turn

%: reflection
@: lethally poisoned (-1 -> -8)
A: horns 2, retaliatory headbutt
a: Renounce Religion, Heroism, Finesse, Duel, Receive Armour


You were on level 1 of the Elven Halls.
You worshipped Okawaru.
Okawaru was exalted by your worship.
You visited 5 branches of the dungeon, and saw 24 of its levels.
You also visited: Gauntlet and Ice Cave.

You collected 3127 gold pieces.
You spent 169 gold pieces at shops.

Inventory:

Hand Weapons
 a - a +4 vampiric double sword (weapon)
 b - a +3 scimitar of flaming
 c - a +2 scimitar of holy wrath
Armour
 d - a +1 kite shield of reflection (worn)
 i - a +2 pair of gloves of strength (worn)
 r - quicksilver dragon scales (worn)
 u - a +1 pair of boots (worn)
 B - a +4 chain mail of fire resistance
 D - the +2 hood of the Assassin (worn) {Detect Stab+ Stlth++}
   (You found it on level 6 of the Dungeon)

   Detect:    It allows the wearer to sense nearby creatures.
   Stab+:     It allows the wearer to make particularly effective stabbing
   attacks against helpless or unaware enemies with any weapon.
   Stlth++:   It makes you much more stealthy.
 V - a +3 plate armour
Jewellery
 e - a ring of ice
 f - an amulet of reflection (around neck)
 h - a ring of willpower
 v - a ring of poison resistance (right hand)
 y - a +6 ring of dexterity (left hand)
 J - a +4 ring of protection
 L - the ring "Kuelen" {Ice Fly rElec Str+2}
   (You found it in an ice cave)

   [ring of ice]

   Ice:       It enhances your ice magic.
   Str+2:     It affects your strength (+2).
   rF-:       It makes you vulnerable to fire.
   rC+:       It protects you from cold.
   rElec:     It insulates you from electricity.
   Fly:       It grants you flight.
 O - a ring of protection from cold
 W - the ring of Bodily Harmony {+Blink rF+ Str+2}
   (You found it in a Gauntlet)

   [ring of protection from fire]

   Str+2:     It affects your strength (+2).
   rF+:       It protects you from fire.
   +Blink:    It lets you blink.
 Z - the ring "Bumifoe" {+Blink Str+2 Int+6 Dex+3}
   (You found it in a Gauntlet)

   [ring of intelligence]

   Str+2:     It affects your strength (+2).
   Int+6:     It affects your intelligence (+6).
   Dex+3:     It affects your dexterity (+3).
   +Blink:    It lets you blink.
Scrolls
 l - a scroll of immolation
 m - 2 scrolls of teleportation
 n - a scroll of enchant armour
 o - 4 scrolls of enchant weapon
 p - 2 scrolls of fog
 w - 4 scrolls of fear
 x - 5 scrolls of blinking
 A - a scroll of identify
 G - 2 scrolls of poison
 I - a scroll of amnesia
Potions
 g - a potion of enlightenment
 j - 2 potions of haste
 s - 3 potions of mutation
 t - 2 potions of ambrosia
 z - 6 potions of curing
 K - a potion of resistance
 P - a potion of magic
 R - a potion of invisibility
 Y - a potion of brilliance
Miscellaneous
 k - a phial of floods
 T - a condenser vane


   Skills:
 + Level 16.9 Fighting
 + Level 18.2 Long Blades
 + Level 2.0 Maces & Flails
 + Level 16.2 Armour
 + Level 4.9 Dodging
 + Level 2.2 Stealth
 + Level 21.8 Shields
 + Level 2.7 Invocations
 + Level 1.3 Evocations


You had 16 spell levels left.
You didn't know any spells.
Your spell library contained the following spells:

 Spells                   Type           Power      Damage    Failure   Level
 Freeze                   Ice            0%         1d3       63%         1
 Magic Dart               Conj           0%         1d3       63%         1
 Shock                    Conj/Air       0%         1d3       63%         1
 Slow                     Hex            0%         N/A       63%         1
 Blink                    Tloc           0%         N/A       77%         2
 Ensorcelled Hibernation  Hex/Ice        0%         N/A       77%         2
 Mercury Vapours          Alch/Air       0%         N/A       77%         2
 Confusing Touch          Hex            0%         N/A       94%         3
 Dazzling Flash           Conj/Hex       0%         N/A       94%         3
 Fugue of the Fallen      Necr           0%         N/A       94%         3
 Inner Flame              Hex/Fire       0%         N/A       94%         3
 Mephitic Cloud           Conj/Alch/Air  0%         N/A       94%         3
 Sigil of Binding         Hex            0%         N/A       94%         3
 Stone Arrow              Conj/Erth      0%         3d7       94%         3
 Vampiric Draining        Necr           0%         2d6       94%         3
 Volatile Blastmotes      Fire/Tloc      0%         2d10      94%         3
 Anguish                  Hex/Necr       0%         N/A       100%        4
 Flame Wave               Conj/Fire      0%         2d4       100%        4
 Iskenderun's Mystic Bla  Conj/Tloc      0%         2d3       100%        4
 Manifold Assault         Tloc           0%         N/A       100%        4
 Passage of Golubria      Tloc           0%         N/A       100%        4
 Sticky Flame             Fire/Alch      0%         2d4       100%        4
 Vhi's Electric Charge    Tloc/Air       0%         N/A       100%        4
 Arcjolt                  Conj/Air       0%         1d10      100%        5
 Freezing Cloud           Conj/Ice/Air   0%         6-21      100%        5
 Yara's Violent Unravell  Hex/Alch       0%         3d3       100%        5
 Dispersal                Tloc           0%         N/A       100%        6
 Starburst                Conj/Fire      0%         6d3       100%        6
 Disjunction              Tloc           0%         N/A       100%        8
 Maxwell's Capacitive Co  Air            0%         ∞         100%        8
 Summon Small Mammal      Summ           Unusable   N/A       N/A         1
 Call Imp                 Summ           Unusable   N/A       N/A         2
 Tukima's Dance           Hex            Unusable   N/A       N/A         3
 Summon Forest            Summ/Tloc      Unusable   N/A       N/A         5
 Summon Mana Viper        Hex/Summ       Unusable   N/A       N/A         5

Dungeon Overview and Level Annotations

Branches:
Dungeon (15/15)            Temple (1/1) D:4            Lair (5/5) D:9
 Shoals (0/4) Lair:2       Spider (0/4) Lair:3        Slime (0/5) Lair:5
    Orc (2/2) D:12            Elf (1/3) Orc:2        Vaults (0/5) D:14
 Depths (0/4) D:15          IceCv (visited)         Gauntlet (visited)

Altars:
Ashenzari
Cheibriados
Dithmenos
Elyvilon
Fedhas
Gozag
Hepliaklqana
Kikubaaqudgha
Makhleb
Nemelex Xobeh
Okawaru
Qazlal
Ru
Sif Muna
Trog
Uskayaw
Vehumet
Wu Jian
Xom
Yredelemnul
Zin
The Shining One
Jiyva

Shops:
D:1 [   D:2 =   D:8 !   D:11 *[:   D:15 !=   Orc:2 =!*[

Annotations:
D:11 Casa
Elf:1 Roxanne


Innate Abilities, Weirdness & Mutations

You have a pair of horns on your head.
You reflexively headbutt those who attack you in melee.


Message History

The water engulfing you falls away.
You gasp with relief as air once again reaches your lungs.
You block the +2 mace of venom's attack.
The deep elf zephyrmancer mumbles some strange words.
The deep elf zephyrmancer blinks!
You feel better.
You block the +2 mace of venom's attack.
Unknown command.
You slash the +2 mace of venom!
The +2 mace of venom is moderately damaged.
You block the +2 mace of venom's attack. x2
Unknown command.
You closely miss the +2 mace of venom.
The +2 mace of venom is moderately damaged.
The deep elf zephyrmancer casts a spell.
The deep elf zephyrmancer blinks!
You block the +2 mace of venom's attack.
You closely miss the +2 mace of venom.
Your headbutt misses the +2 mace of venom.
The +2 mace of venom is lightly damaged.
The +2 mace of venom hits you but does no damage.
The deep elf zephyrmancer gestures wildly while chanting.
The deep elf zephyrmancer blinks!
You closely miss the +2 mace of venom.
The +2 mace of venom is lightly damaged.
You block the +2 mace of venom's attack.
You hit the +2 mace of venom.
Your headbutt misses the +2 mace of venom.
The +2 mace of venom is moderately damaged.
The +2 mace of venom hits you but does no damage.
You are poisoned.
You closely miss the +2 mace of venom.
The +2 mace of venom is moderately damaged.
* * * LOW HITPOINT WARNING * * *
You feel sick. The +2 mace of venom hits you!
* * * LOW HITPOINT WARNING * * *
You carve the +2 mace of venom like a ham!!!
The +2 mace of venom falls from the air.
Okawaru accepts your kill.
You die...

#........e....
#.......e.....
#....ee.......
#.............
#......§......
######e####+###+# #{# #
#.# #########e####.#
#.####
#.....@)ee.e...###.....
...########)..........##
#.######.#### #.#
#.##⌠## #.# #.....#
#######.# ####⌠).
........# ##.. #######.#
###.
#######.#########.#.


You could see 4 deep elf zephyrmancers.

Vanquished Creatures
  Rupert (D:14)
  2 azure jellies (IceCv)
  A quicksilver ooze (D:11)
  Nessos (Orc:2)
  A deep elf demonologist (Elf:1)
  4 dire elephants (Lair:5)
  A minotaur (Gauntlet)
  The ghost of kalagan the Eclecticist, a journeyman DECj of Sif Muna (Orc:2)
  Snorg (D:10)
  A fire dragon (D:14)
  2 catoblepae (Lair:2)
  A great orb of eyes (D:13)
  6 hydras
  5 ogre magi
  8 centaur warriors
  A two-headed ogre (shapeshifter) (D:13)
  3 boulder beetles
  6 dancing weapons (Elf:1)
  21 two-headed ogres
  22 death yaks
  3 death scarabs (Gauntlet)
  2 tengu warriors
  A vampire mage (D:15)
  An orc high priest (Orc:2)
  Urug (D:10)
  A spectral dire elephant (Lair:5)
  3 deep elf knights
  A storm dragon zombie (D:15)
  6 skeletal warriors
  A skyshark (Lair:5)
  A spark wasp zombie (D:15)
  3 spectral death yaks (Lair:5)
  3 arcanists
  A spectral hydra (Gauntlet)
  2 deep elf archers (Orc:2)
  A spectral anaconda (Lair:5)
  A sun moth (shapeshifter) (D:14)
  Pikel (D:3)
  An obsidian statue (Lair:5)
  A lindwurm (Lair:4)
  6 necromancers
  7 orc knights
  11 deep elf zephyrmancers
  The ghost of cfcfcfcfcf the Caller, a novice FeSu of Kikubaaqudgha (D:8)
  7 cyclopes
  2 orc sorcerers (Orc:2)
  A wolf spider (Lair:4)
  14 ugly things
  An oklob plant (Lair:1)
  11 deep elf pyromancers
  3 manticores
  3 meliai (D:15)
  10 elephants
  Joseph (D:7)
  3 black mambas
  2 gargoyles
  A torpor snail (Lair:3)
  2 kobold blastminers
  An ice statue (IceCv)
  15 cane toads
  4 rime drakes
  A yaktaur (D:10)
  A kobold demonologist (D:11)
  14 komodo dragons
  An efreet (D:15)
  An unseen horror (D:13)
  4 tengu conjurers
  2 ice devils (D:11)
  A polar bear (shapeshifter) (D:14)
  A polar bear (Lair:4)
  2 merfolk (Lair:2)
  2 trolls
  13 dream sheep
  4 blink frogs (Lair:4)
  36 slime creatures
  4 shadows
  27 yaks
  A water elemental (Elf:1)
  2 wraiths
  A dire elephant simulacrum (Lair:5)
  A wyvern (D:7)
  5 basilisks
  22 humans
  5 wargs
  A steam dragon (Lair:2)
  3 redbacks
  8 vampire mosquitoes
  4 acid dragons
  3 spectral cane toads
  Edmund (D:4)
  3 great orb of eyes simulacra (IceCv)
  Duvessa (D:4)
  10 water moccasins
  A spectral torpor snail (Gauntlet)
  2 black bears
  14 orc warriors
  2 sky beasts
  An elephant zombie (Lair:5)
  A laughing skull (D:13)
  4 centaurs
  2 ice beasts (D:6)
  20 wolves
  32 ogres
  2 elephant skeletons (Lair:5)
  A lemure (D:4)
  A slime creature simulacrum (IceCv)
  3 kobold brigands
  11 bullfrogs
  2 gnoll sergeants
  7 scorpions
  A glowing shapeshifter simulacrum (IceCv)
  4 wights (D:10)
  Dowan (D:4)
  3 elephant simulacra (Lair:5)
  11 killer bees
  3 vampire bats (Lair:5)
  2 electric eels (Lair:1)
  2 howler monkeys
  4 bombardier beetles
  5 hounds
  5 quasits (D:8)
  A gnoll bouda (D:3)
  A jelly (D:4)
  21 orc priests
  Crazy Yiuf (D:5)
  Jessica (D:3)
  3 iguanas
  11 orc wizards
  4 shapeshifter simulacra (IceCv)
  A boggart simulacrum (D:13)
  16 gnolls
  6 adders
  2 white imps
  A ribbon worm (D:4)
  A dart slug (D:2)
  59 orcs
  6 endoplasms
  4 giant cockroaches
  10 goblins
  5 hobgoblins
  6 jackals (D:1)
  23 kobolds
  6 quokkas
  11 ball pythons
  13 bats
  2 frilled lizards
  5 rats
782 creatures vanquished.

Vanquished Creatures (others)
  A deep elf knight (Elf:1)
  A deep elf pyromancer (Elf:1)
  A kobold demonologist (D:11)
  A kobold brigand (D:9)
  An orc priest (Orc:2)
  2 kobolds (D:11)
7 creatures vanquished.

Grand Total: 789 creatures vanquished

Notes
Turn   | Place    | Note
-------+----------+-------------------------------------------
     0 | D:1      | Peloso the Minotaur Fighter began the quest for the Orb.
     0 | D:1      | Reached XP level 1. HP: 19/19 MP: 0/0
   144 | D:1      | Reached XP level 2. HP: 27/27 MP: 1/1
   224 | D:1      | Reached skill level 4 in Shields
   592 | D:1      | Found Ucseiroj's Armour Emporium.
   699 | D:1      | Reached XP level 3. HP: 33/33 MP: 2/2
  1012 | D:2      | Found a snail-covered altar of Cheibriados.
  1074 | D:2      | Found a faded altar of an unknown god.
  1074 | D:2      | You fall into a shaft and drop 1 floor!
  1225 | D:3      | Found an iron altar of Okawaru.
  1232 | D:3      | Found a broken altar of Ashenzari.
  1243 | D:3      | Noticed a scorpion
  1254 | D:3      | Killed a scorpion
  1255 | D:3      | Reached XP level 4. HP: 17/40 MP: 3/3
  1361 | D:3      | Noticed Jessica
  1368 | D:3      | Killed Jessica
  1369 | D:3      | Reached XP level 5. HP: 22/46 MP: 4/4
  1535 | D:2      | Got Ixamogoj's Beginning Theurgy
  1741 | D:2      | Found Raunk's Jewellery Emporium.
  2775 | D:4      | Noticed a lemure
  2794 | D:4      | Killed a lemure
  2795 | D:4      | Noticed Pikel
  2795 | D:4      | Noticed a lemure
  2797 | D:4      | Noticed a lemure
  2797 | D:4      | Noticed a lemure
  2831 | D:3      | Killed Pikel
  2832 | D:3      | Reached skill level 5 in Fighting
  2832 | D:3      | Reached skill level 5 in Long Blades
  2832 | D:3      | Reached skill level 5 in Armour
  2832 | D:3      | Reached skill level 1 in Dodging
  2832 | D:3      | Reached skill level 5 in Shields
  2832 | D:3      | Reached XP level 6. HP: 4/56 MP: 5/5
  2832 | D:3      | Reached XP level 7. HP: 5/61 MP: 6/6
  3058 | D:4      | Noticed Duvessa
  3061 | D:4      | Found a staircase to the Ecumenical Temple.
  3061 | D:4      | Noticed Dowan
  3073 | Temple   | Entered the Ecumenical Temple
  3087 | D:4      | Killed Duvessa
  3095 | D:4      | Killed Dowan
  3196 | D:3      | Became a worshipper of Warmaster Okawaru
  3235 | D:4      | Reached skill level 6 in Shields
  3556 | D:4      | Reached XP level 8. HP: 70/70 MP: 7/7
  3603 | D:4      | Noticed Edmund
  3626 | D:4      | Killed Edmund
  3626 | D:4      | Reached * piety under Okawaru
  3769 | D:4      | Found a sparkling altar of Nemelex Xobeh.
  3867 | D:4      | Found a white marble altar of Elyvilon.
  4158 | D:5      | Entered Level 5 of the Dungeon
  4348 | D:5      | Found a runed translucent door.
  4349 | D:5      | Noticed Crazy Yiuf
  4354 | D:5      | Killed Crazy Yiuf
  4390 | D:5      | Found a hide-covered altar of Uskayaw.
  4852 | D:6      | Reached ** piety under Okawaru
  5001 | D:6      | Reached skill level 7 in Shields
  5001 | D:6      | Reached XP level 9. HP: 69/78 MP: 8/8
  5038 | D:6      | Found a stormy altar of Qazlal.
  5070 | D:6      | Reached skill level 1 in Stealth
  5246 | D:6      | Found the +2 hood of the Assassin {Detect Stab+ Stlth++}
  5351 | D:6      | Found a blossoming altar of Fedhas.
  5529 | D:6      | Found a burning altar of Makhleb.
  5681 | D:7      | Noticed Joseph
  5701 | D:7      | Killed Joseph
  5701 | D:7      | Reached *** piety under Okawaru
  5883 | D:7      | Noticed a two-headed ogre
  5899 | D:7      | Killed a two-headed ogre
  5900 | D:7      | Reached skill level 10 in Long Blades
  5900 | D:7      | Reached skill level 8 in Shields
  5927 | D:7      | Noticed a gargoyle
  5927 | D:7      | Noticed a two-headed ogre
  5927 | D:7      | Found the +6 shillelagh "Devastator" {shatter}
  5949 | D:6      | Killed a gargoyle
  5949 | D:6      | Reached **** piety under Okawaru
  5979 | D:7      | Killed a two-headed ogre
  5980 | D:7      | Reached skill level 9 in Shields
  5980 | D:7      | Reached XP level 10. HP: 58/86 MP: 7/9
  6209 | D:7      | Found an ancient bone altar of Kikubaaqudgha.
  6551 | D:8      | Noticed cfcfcfcfcf's ghost (novice FeSu)
  6574 | D:8      | Found a transporter.
  6637 | D:8      | Reached ***** piety under Okawaru
  6680 | D:8      | Found a transporter.
  6826 | D:8      | Found Meutzeh's Distillery.
  6834 | D:8      | Bought a potion of heal wounds for 65 gold pieces
  6834 | D:8      | Bought a potion of curing for 39 gold pieces
  6834 | D:8      | Bought a potion of berserk rage for 65 gold pieces
  7042 | D:8      | Noticed a two-headed ogre
  7057 | D:8      | Killed a two-headed ogre
  7467 | D:9      | Noticed a gargoyle
  7477 | D:9      | Killed a gargoyle
  7478 | D:9      | Reached skill level 10 in Shields
  7688 | D:9      | Found a staircase to the Lair.
  7688 | D:9      | Noticed an elephant
  7888 | D:9      | Noticed a centaur warrior
  7907 | D:9      | Killed a centaur warrior
  7923 | D:9      | Received a gift from Okawaru
  8237 | D:8      | Killed an elephant
  8238 | D:8      | Reached XP level 11. HP: 80/95 MP: 8/10
  8466 | D:9      | Reached skill level 11 in Shields
  8562 | D:10     | Entered Level 10 of the Dungeon
  8655 | D:10     | Found a shadowy altar of Dithmenos.
  8757 | D:10     | Reached skill level 10 in Armour
  8784 | D:10     | Noticed Urug
  8804 | D:10     | Killed Urug
  9467 | D:10     | Noticed Snorg
  9491 | D:10     | Killed Snorg
  9692 | D:11     | Received a gift from Okawaru
  9703 | D:11     | Noticed a boulder beetle
  9736 | D:11     | Killed a boulder beetle
  9763 | D:11     | Found Viun Val's Armour Emporium.
  9816 | D:11     | Found Kafepp's Book Boutique.
  9872 | D:11     | Reached skill level 12 in Shields
  9941 | D:11     | Found a frozen archway.
  9992 | IceCv    | Entered an ice cave
 10567 | IceCv    | Received a gift from Okawaru
 10568 | IceCv    | Reached XP level 12. HP: 83/106 MP: 11/11
 10582 | IceCv    | Reached skill level 10 in Fighting
 11107 | IceCv    | Reached skill level 13 in Shields
 11497 | IceCv    | Noticed an azure jelly
 11513 | IceCv    | Killed an azure jelly
 11520 | IceCv    | Found a viscous altar of Jiyva.
 11520 | IceCv    | Noticed an azure jelly
 11532 | IceCv    | Killed an azure jelly
 11548 | IceCv    | Got the ring "Kuelen" {Ice Fly rElec Str+2}
 11558 | IceCv    | Identified the +1 robe "Jantatak" {rElec rC+ MP+9 Dex+2}
 11840 | D:11     | Found Fuybbytz's Assorted Antiques.
 11917 | D:11     | Found a shimmering blue altar of Sif Muna.
 11920 | D:11     | Noticed a boulder beetle
 11924 | D:11     | a boulder beetle changed into a quicksilver ooze
 11924 | D:11     | Noticed a quicksilver ooze
 11936 | D:11     | Killed a quicksilver ooze
 12508 | Lair:1   | Entered Level 1 of the Lair of Beasts
 12740 | Lair:1   | Got the Precepts of Topography and Company
 12768 | Lair:1   | Reached skill level 1 in Invocations
 13239 | Lair:1   | Reached skill level 14 in Shields
 13239 | Lair:1   | Reached skill level 1 in Evocations
 13763 | Lair:2   | Noticed a catoblepas
 13799 | Lair:2   | Killed a catoblepas
 13799 | Lair:2   | Received a gift from Okawaru
 13885 | Lair:2   | Noticed a four-headed hydra
 13898 | Lair:2   | Killed a four-headed hydra
 14012 | Lair:2   | Noticed an eight-headed hydra
 14029 | Lair:2   | Killed an eight-headed hydra
 14030 | Lair:2   | Reached XP level 13. HP: 77/116 MP: 10/12
 14210 | Lair:2   | Reached skill level 15 in Long Blades
 14210 | Lair:2   | Reached skill level 1 in Maces & Flails
 15021 | Lair:2   | Found a staircase to the Shoals.
 15145 | Lair:3   | Reached skill level 15 in Shields
 15516 | Lair:3   | Found a hole to the Spider Nest.
 16872 | D:12     | Found a staircase to the Orcish Mines.
 17306 | Orc:1    | Entered Level 1 of the Orcish Mines
 17722 | Orc:2    | Entered Level 2 of the Orcish Mines
 17764 | Orc:2    | Received a gift from Okawaru
 17783 | Orc:2    | Paralysed by an orc sorcerer for 4 turns
 17981 | Orc:2    | Found a staircase to the Elven Halls.
 18013 | Orc:2    | Found a runed translucent gate.
 18013 | Orc:2    | Noticed kalagan's ghost (journeyman DECj)
 18014 | Orc:2    | Found a runed translucent gate.
 18015 | Orc:2    | Found a runed translucent gate.
 18440 | Orc:2    | Reached skill level 16 in Shields
 18475 | Orc:2    | Received a gift from Okawaru
 18606 | Orc:2    | Reached XP level 14. HP: 75/127 MP: 13/13
 18722 | Orc:2    | Noticed Nessos
 18787 | Orc:2    | Killed Nessos
 18979 | Orc:2    | Found Hooxzoop's Antique Armour Emporium.
 18979 | Orc:2    | Found Rieprith's General Store.
 18980 | Orc:2    | Found Ikhai's Distillery.
 18980 | Orc:2    | Found Esu Viwn's Jewellery Shoppe.
 19687 | Orc:2    | Paralysed by an orc sorcerer for 5 turns
 19879 | Orc:2    | Received a gift from Okawaru
 20290 | D:8      | Killed cfcfcfcfcf's ghost
 20419 | Lair:4   | Reached skill level 17 in Shields
 20776 | Lair:4   | Found a gate leading to a gauntlet.
 20785 | Gauntlet | Entered a Gauntlet
 20785 | Gauntlet | Found a transporter.
 20785 | Gauntlet | Found a transporter.
 20799 | Gauntlet | Found a transporter.
 20817 | Gauntlet | Found a transporter.
 20817 | Gauntlet | Found a transporter.
 20822 | Gauntlet | Found a transporter.
 20822 | Gauntlet | Found a transporter.
 20825 | Gauntlet | Found a transporter.
 20836 | Gauntlet | Found a runed translucent door.
 20839 | Gauntlet | Found a transporter.
 20853 | Gauntlet | Found a transporter.
 20878 | Gauntlet | Found a transporter.
 20883 | Gauntlet | Found a transporter.
 20929 | Gauntlet | Found a transporter.
 20945 | Gauntlet | Found a transporter.
 21128 | Gauntlet | Identified the ring of Bodily Harmony {+Blink rF+ Str+2}
 21380 | Gauntlet | Received a gift from Okawaru
 21393 | Gauntlet | Identified the ring "Bumifoe" {+Blink Str+2 Int+6 Dex+3}
 21818 | Gauntlet | Identified the +0 robe of Loss {rF+}
 21821 | Gauntlet | Got the Lessons on Company and Locality
 22104 | Lair:4   | Reached skill level 18 in Shields
 22536 | Lair:4   | HP: 3/129 [death yak (44)]
 23395 | Lair:4   | Reached XP level 15. HP: 103/137 MP: 15/15
 23669 | Lair:4   | HP: 6/138 [spore (25)]
 24004 | Lair:3   | Received a gift from Okawaru
 24053 | Lair:4   | Reached skill level 15 in Armour
 26045 | D:13     | Reached skill level 19 in Shields
 26632 | Lair:5   | Entered Level 5 of the Lair of Beasts
 26976 | Lair:4   | Received a gift from Okawaru
 27205 | Lair:5   | Found a viscous altar of Jiyva.
 27205 | Lair:5   | Found a staircase to the Slime Pits.
 27404 | Lair:5   | Identified the +3 flail of Dautergh {antimagic, Str+3
                  | Stlth+}
 28007 | Lair:5   | Reached skill level 15 in Fighting
 29408 | D:14     | Noticed Rupert
 29408 | D:14     | Found a gate to the Vaults.
 29446 | D:13     | Reached skill level 20 in Shields
 29677 | D:14     | Reached ****** piety under Okawaru
 29706 | D:13     | Received a gift from Okawaru
 29707 | D:13     | Reached XP level 16. HP: 91/149 MP: 17/17
 29857 | D:13     | Acquired a +4 double sword of pain
 29857 | D:13     | Received a gift from Okawaru
 29892 | D:14     | Killed Rupert
 30217 | D:14     | Found a white marble altar of Elyvilon.
 30292 | D:15     | Entered Level 15 of the Dungeon
 30315 | D:15     | Found a staircase to the Depths.
 30778 | D:15     | Identified the +1 sling "Baps" {drain, rElec rPois Str+3}
 30778 | D:15     | Identified the +0 ring mail of Integrity {Int+4}
 30789 | D:15     | Received a gift from Okawaru
 30791 | D:15     | Found Zarheraa's One-of-a-Kind Rings.
 31028 | D:15     | Identified the +0 ring mail of Xyowuam {rPois rN+}
 31187 | D:15     | Found Zesaf's Distillery.
 31220 | D:15     | Found a hazy altar of Hepliaklqana.
 31492 | D:15     | Reached skill level 21 in Shields
 32950 | Elf:1    | Entered Level 1 of the Elven Halls
 32956 | Elf:1    | Noticed Roxanne
 32973 | Orc:2    | Received a gift from Okawaru
 33129 | Orc:2    | Killed kalagan's ghost
 33987 | Elf:1    | Received a gift from Okawaru
 34009 | Elf:1    | HP: 4/154 [burnt (12)]
 34382 | Elf:1    | Identified the +10 falchion "Xiwodov" {pain, Int+6}
 34633 | Elf:1    | Reached XP level 17. HP: 70/160 MP: 18/18
 34639 | Elf:1    | HP: 6/160 [drowned by a water elemental (4)]
 34642 | Elf:1    | HP: 2/160 [drowned by a water elemental (4)]
 34650 | Elf:1    | HP: 1/160 [+2 mace of venom (8)]
 34651 | Elf:1    | Succumbed to a +2 mace of venom's poison

Illustrated notes

Levels and vault maps discovered:
D:1:      dpeg_arrival_arbitrary_a, layout_basic, serial_shops,
          nicolae_shop_tiny_waterfront
D:2:      layout_loops_corners, basic_altar, serial_shops, shop,
          basic_ecumenical_altar, nrook_campfire
D:3:      layout_rooms, amethyst_overflow_temple_binary, uniq_jessica
D:4:      layout_rooms, mainiacjoe_overflow_cross_hatched,
          mainiacjoe_overflow_concentric_impassable,
          minmay_temple_entry_stoned_glass, kennysheep_generic_room_3,
          uniq_edmund, uniq_duvessa, uniq_pikel
D:5:      layout_rooms, mainiacjoe_overflow_chevrons, uniq_crazy_yiuf_cottage
D:6:      layout_cave_pools, grunt_temple_overflow_forces_of_nature,
          lightli_temple_of_fire, serial_park_tiny_pond
D:7:      layout_cave_pools, mainiacjoe_overflow_alcove_4,
          dilly_guarded_unrand_devastator, uniq_joseph
D:8:      layout_loops_ring, serial_shops, shop, gammafunk_ghost_stat_death
D:9:      layout_basic, david_lair_generic
D:10:     layout_long_grid, grunt_dithmenos_smoke, uniq_urug, uniq_snorg
D:11:     layout_irregular_city, portal_ice_cave_demonic_guard, serial_shops,
          shop, shop, nicolae_shop_tiny_statue_garden,
          nicolae_sif_muna_little_library
D:12:     nicolae_cairo_tiling, layout_stronghold
D:13:     hourglass_vault, layout_basic
D:14:     layout_rooms, david_vaults_3, minmay_ruined_shrine
D:15:     gammafunk_depths_entry_grave, layout_basic, serial_shops,
          nicolae_shop_industrial_runoff, hangedman_abyss_or_decor_passed,
          nicolae_shop_unique_rings, worldfamousw_hep_ancestral_shrine
Temple:   hc_temple_tempest_star
Lair:1:   layout_cave_pods, serial_bayou_lagoon_b
Lair:2:   layout_regular_city, elwin_shoals_entry_rooms, minivault_24
Lair:3:   layout_concentric_octagons, spider_nest_entry_webs
Lair:4:   slaughterhouse, layout_cave_pods, gauntlet_entry_generic,
          beast_lair_carwin_8
Lair:5:   due_jungle_book, layout_cave_pods, slime_entry_1, roderic_batcave,
          nicolae_lair_run_with_the_wolves, serial_bayou_shore_b
Orc:1:    layout_caves
Orc:2:    st_orc_ogre_mass, layout_diamond_mine, biasface_ghost_orc_armoury,
          uniq_rupert, uniq_nessos
Elf:1:    eino_elf_arrival_sip, layout_gridlike, minmay_elf_demonology,
          glass_columns_c, grunt_ministairs_8, uniq_roxanne

Skill      XL: |  1  2  3  4  5  6  7  8  9 10 11 12 13 14 15 16 |
---------------+-------------------------------------------------+-----
Shields        | 4 5 6 7 9 10 12 14 16 18 20 21 | 21.8
Fighting       | 4 5 6 7 8 9 11 12 13 15 16 | 16.9
Armour         | 4 5 6 8 9 11 12 13 14 15 16 | 16.2
Long Blades    | 3 4 5 6 8 10 12 13 14 15 16 17 18 | 18.2
Dodging        | 1 2 3 4 |  4.9
Stealth        | 1 2 |  2.2
Invocations    | 1 2 |  2.7
Evocations     | 1 |  1.3
Maces & Flails | 1 2 |  2.0

Action                     |  1- 3 |  4- 6 |  7- 9 | 10-12 | 13-15 | 16-18 || total
---------------------------+-------+-------+-------+-------+-------+-------++-------
  Melee: Long sword        |   120 |    92 |   328 |   959 |   233 |       ||  1732
         Headbutt          |    15 |    13 |    73 |   267 |   515 |   159 ||  1042
         Whip              |       |       |       |    20 |    26 |       ||    46
         Scimitar          |       |       |       |       |  1487 |    82 ||  1569
         Double sword      |       |       |       |       |       |   489 ||   489
 Invoke: Heroism           |       |       |     2 |    12 |    27 |       ||    41
         Receive Weapon    |       |       |       |       |       |     1 ||     1
  Evoke: Wand              |       |       |     2 |     6 |     1 |       ||     9
    Use: Scroll            |       |     4 |     2 |    16 |    17 |     3 ||    42
         Potion            |       |       |       |     4 |     7 |     2 ||    13
   Stab: Paralysed         |       |       |       |     1 |       |       ||     1
         Sleeping          |       |       |       |       |       |     1 ||     1
 Armour: Scale mail        |    59 |       |       |       |       |       ||    59
         Chain mail        |    10 |    52 |   154 |       |       |       ||   216
         Plate armour      |       |       |    18 |   442 |   816 |   173 ||  1449
         Quicksilver drago |       |       |       |       |       |   110 ||   110
  Dodge: Dodged            |    44 |    20 |   130 |   262 |   394 |   112 ||   962
  Block: Buckler           |    41 |    49 |   164 |    62 |       |       ||   316
         Reflection        |       |     3 |     6 |    30 |    27 |    32 ||    98
         Kite shield       |       |       |       |   645 |  1729 |   617 ||  2991
